 Dungeon Crawl Stone Soup version 0.26-a0-466-g989023bd0d (webtiles) character file.

Game seed: 4041207441404362553

255 night the Stinger (level 5, -3/24 HPs)
             Began as a Spriggan Venom Mage on Aug 12, 2020.
             Killed from afar by an orc wizard (7 damage)
             ... with a magic dart
             ... on level 4 of the Dungeon.
             The game lasted 00:10:48 (4410 turns).

night the Stinger (Spriggan Venom Mage)             Turns: 4410, Time: 00:10:48

Health: -3/24      AC:  2    Str:  4    XL:     5   Next: 91%
Magic:  1/13       EV: 18    Int: 18    God:
Gold:   209        SH:  0    Dex: 16    Spells: 4/13 levels left

rFire    + + .     SeeInvis +   b - +0 dagger (curse)
rCold    . . .     Faith    .   (shield restricted)
rNeg     . . .     Spirit   .   a - +0 robe
rPois    .         Reflect  .   (helmet restricted)
rElec    .         Harm     .   o - scarf {rC+ rF+}
rCorr    .                      (gloves unavailable)
MR       .....                  (boots unavailable)
Stlth    ++........             (no amulet)
HPRegen  0.08/turn              k - ring of fire
MPRegen  0.13/turn              (no ring)

@: very quick
A: very small, unfitting armour, see invisible, speed 3
a: no special abilities


You were on level 4 of the Dungeon.
You visited 1 branch of the dungeon, and saw 4 of its levels.

You collected 209 gold pieces.

Inventory:

Hand Weapons
 b - a cursed +0 dagger (weapon)
 m - a +1 dagger of venom
 n - a +0 dagger of pain
 t - a +2 flail of holy wrath
Missiles
 c - 5 poisoned darts (quivered)
 e - 144 stones
 g - 52 sling bullets
Armour
 a - a +0 robe (worn)
 o - a scarf of resistance (worn)
Jewellery
 k - a ring of fire (left hand)
Wands
 p - a wand of digging (3)
Scrolls
 q - a scroll of teleportation
 s - a scroll of amnesia
 u - a scroll of identify
Potions
 d - a potion of might {unknown}
 f - a potion of heal wounds {unknown}
 h - a potion of flight {unknown}
 i - 3 potions of curing
 j - 2 potions of stabbing {unknown}
 l - a potion of brilliance {unknown}
 r - a potion of lignification {unknown}


   Skills:
 - Level 3.0 Dodging
 - Level 3.0 Stealth
 + Level 4.8 Spellcasting
 - Level 1.3 Transmutations
 * Level 5.7 Poison Magic


You had 4 spell levels left.
You knew the following spells:

 Your Spells              Type           Power        Failure   Level
a - Sting                 Tmut/Pois      ###.         3%          1
b - Poisonous Vapours     Pois/Air       ##....       6%          2
c - Ignite Poison         Fire/Tmut/Pois ###.....     16%         3
d - Mephitic Cloud        Conj/Pois/Air  ##......     19%         3

Your spell library contained the following spells:

 Spells                   Type           Power        Failure   Level
 Olgreb's Toxic Radiance  Pois           ####....     13%         4


Dungeon Overview and Level Annotations

Branches:
Dungeon (4/15)
 Temple: D:4-7

Altars:


Innate Abilities, Weirdness & Mutations

You are very small and have problems with some larger weapons.
You are too small for most types of armour.
You have supernaturally acute eyesight. (SInv)
You cover ground extremely quickly.


Message History

Casting: Sting (safe; 3% risk of failure)
Confirm with . or Enter, or press ? or * to list all spells.
Aiming: Sting (safe; 3% risk of failure)
Press: ? - help, Shift-Dir - straight line, f/p - orc wizard
Aim: an orc wizard, wielding a +0 dagger and wearing a +0 robe (severely wounded, slightly transparent)
The sting misses the orc wizard.
The orc wizard misses you.
Casting: Sting (safe; 3% risk of failure)
Confirm with . or Enter, or press ? or * to list all spells.
Aiming: Sting (safe; 3% risk of failure)
Press: ? - help, Shift-Dir - straight line, f/p - orc wizard
Aim: an orc wizard, wielding a +0 dagger and wearing a +0 robe (severely wounded, slightly transparent)
The sting hits the orc wizard.
The orc wizard is poisoned.
The orc wizard is severely wounded.
The orc wizard hits you but does no damage.
The orc wizard casts a spell at you. The magic dart hits you!
* * * LOW HITPOINT WARNING * * *
The orc wizard points at you and mumbles some strange words.
The magic dart hits you!
You die...

######################
.[...................######
########..............).....
#..).)o....@......###.###...
...)...#####.########.# #.#
#.#. .####.. #.#
#.###.###.#. .... #.#
####.##.#.##... ###..
#.#####....(.###..... #..
#.........#.#.#.##... ...
#..####...#.##.###... ##.
#..# #####.##....... #...
#.######...


You could see an orc wizard (invisible, poisoned).

Vanquished Creatures
  An orc priest (D:4)
  An orc wizard (D:4)
  2 worker ants
  A howler monkey zombie (D:3)
  3 adders
  2 oozes (D:1)
  3 worms (D:3)
  2 dart slugs (D:1)
  5 leopard geckos
  16 orcs
  2 ball pythons (D:3)
  4 bats
  6 giant cockroaches
  5 hobgoblins
  3 jackals (D:3)
  A quokka (D:2)
  4 goblins
  8 kobolds
  7 rats
76 creatures vanquished.

Vanquished Creatures (others)
  A giant cockroach (D:3)
1 creature vanquished.

Grand Total: 77 creatures vanquished

Notes
Turn   | Place    | Note
-------+----------+-------------------------------------------
     0 | D:1      | night the Spriggan Venom Mage began the quest for the Orb.
     0 | D:1      | Reached XP level 1. HP: 9/9 MP: 5/5
   112 | D:1      | Reached XP level 2. HP: 13/13 MP: 7/7
   264 | D:1      | Learned a level 2 spell: Poisonous Vapours
  1178 | D:2      | Reached XP level 3. HP: 16/16 MP: 8/8
  1183 | D:2      | Learned a level 3 spell: Ignite Poison
  1463 | D:2      | Reached skill level 4 in Poison Magic
  2004 | D:3      | Reached XP level 4. HP: 21/21 MP: 6/10
  3288 | D:3      | Reached skill level 5 in Poison Magic
  3499 | D:3      | Reached XP level 5. HP: 24/24 MP: 10/12
  3505 | D:3      | Learned a level 3 spell: Mephitic Cloud
  4410 | D:4      | Killed from afar by an orc wizard

Illustrated notes

Levels and vault maps discovered:
D:1:      dpeg_arrival_tiny_j, layout_loops_cross, st_stairs_6
D:2:      layout_loops_corners
D:3:      kennysheep_six_static_rooms, layout_loops_corners
D:4:      layout_loops_ring, yredelemnul_forgotten_temple_becter,
          nicolae_overflow_crystal_walls

Skill      XL: |  1  2  3  4 |
---------------+-------------+-----
Spellcasting   | 3 4 |  4.8
Poison Magic   | 4 5 |  5.7
Dodging        | |  3.0
Stealth        | |  3.0
Transmutations | |  1.3

Action                   |  1- 3 |  4- 6 || total
-------------------------+-------+-------++-------
Melee: Dagger            |    19 |    53 ||    72
 Cast: Sting             |    39 |   101 ||   140
       Poisonous Vapours |     1 |    14 ||    15
  Use: Scroll            |     4 |     1 ||     5
 Stab: Sleeping          |     8 |     2 ||    10
Armor: Robe              |     1 |     4 ||     5
Dodge: Dodged            |    18 |    77 ||    95

Table legend: (Time is in decaauts)
 A = Elapsed time spent in this place.
 B = Non-inter-level travel time spent in this place.
 C = Inter-level travel time spent in this place.
 D = Time resting spent in this place.
 E = Time spent auto-exploring this place.
 F = Levels seen in this place.
 G = Mean time per level.
                   A        B        C        D        E       F      G
               +--------+--------+--------+--------+--------+-----+--------+
         Total |   3394 |   3314 |     80 |    627 |   2049 |   4 |  848.5 |
       Dungeon |   3394 |   3314 |     80 |    627 |   2049 |   4 |  848.5 |
               +--------+--------+--------+--------+--------+-----+--------+

Top non-repeatable levels by time:
     D:3: 1692 daAuts
     D:1: 739 daAuts
     D:2: 628 daAuts
     D:4: 332 daAuts
